 Dungeon Crawl Stone Soup version 0.20.1-4-g4af34eaf8e (webtiles) character file.

93 Alfie the Shooter (level 4, -4/37 HPs)
             Began as a Minotaur Hunter on Mar 10, 2020.
             Slain by a gnoll
             ... wielding a +1 spear of distortion
              (9 damage)
             ... on level 3 of the Dungeon.
             The game lasted 00:04:28 (1119 turns).

Alfie the Shooter (Minotaur Hunter)                 Turns: 1119, Time: 00:04:29

Health: -4/37      AC:  3    Str: 18    XL:     4   Next: 37%
Magic:  3/3        EV: 12    Int:  8    God:
Gold:   98         SH:  0    Dex: 10    Spells: 3/3 levels left

rFire    . . .     SeeInvis .   a - +1 shortbow
rCold    . . .     Gourm    .   (shield currently unavailable)
rNeg     . . .     Faith    .   c - +0 leather armour
rPois    .         Spirit   .   (helmet restricted)
rElec    .         Reflect  .   (no cloak)
rCorr    .         Harm     .   (no gloves)
MR       .....                  (no boots)
Stlth    +.........             (no amulet)
Regen    0.2/turn               (no ring)
MPRegen  0.1/turn               (no ring)

@: no status effects
A: retaliatory headbutt, horns 2
a: no special abilities


You were on level 3 of the Dungeon.
You were hungry.

You visited 1 branch of the dungeon, and saw 3 of its levels.

You collected 98 gold pieces.

Inventory:

Hand Weapons
 a - a +1 shortbow (weapon)
 b - a +1 short sword
Missiles
 d - 17 arrows (quivered)
Armour
 c - a +0 leather armour (worn)
Jewellery
 m - an uncursed ring of protection from cold
 n - an uncursed ring of protection from fire {unknown}
Potions
 h - a potion of heal wounds {unknown}
 i - a potion of haste {unknown}
 j - a potion of magic {unknown}
 k - a potion of might {unknown}
 l - a potion of curing {unknown}
 o - a potion of mutation {unknown}
Comestibles
 f - a bread ration
 g - 2 meat rations
 q - 5 fruits


   Skills:
 + Level 2.9 Fighting
 + Level 0.2 Short Blades
 + Level 5.8 Bows
 + Level 1.6 Armour
 + Level 2.2 Dodging
 + Level 0.8 Stealth


You had 3 spell levels left.
You didn't know any spells.

Dungeon Overview and Level Annotations

Branches:
Dungeon (3/15)

Altars:
Makhleb
Xom

Annotations:
D:2 1 runed door


Innate Abilities, Weirdness & Mutations

You reflexively headbutt those who attack you in melee.
You have a pair of horns on your head.


Message History

Press: ? - help, Shift-Dir - straight line, f/p - gnoll
Aim: a gnoll, wielding a spear (lightly wounded)
You shoot an arrow. The arrow barely misses the gnoll.
The gnoll closely misses you. The gnoll misses you.
Firing (i - inventory):
d - 19 arrows (quivered)
Press: ? - help, Shift-Dir - straight line, f/p - gnoll
Aim: a gnoll, wielding a spear (lightly wounded)
You shoot an arrow. The arrow closely misses the gnoll.
The gnoll hits you from afar with a spear!
The gnoll hits you from afar with a spear of distortion!
Space warps horribly around you!
* * * LOW HITPOINT WARNING * * *
The gnoll closely misses you. x2
Firing (i - inventory):
d - 18 arrows (quivered)
Press: ? - help, Shift-Dir - straight line, f/p - gnoll
Aim: a gnoll, wielding a spear (lightly wounded)
You shoot an arrow. The arrow closely misses the gnoll.
The rat barely misses you.
The gnoll hits you from afar with a spear of distortion!
You die...

............†......#,,.+,,,,,,,,,
.....(.............#,..#****,**,*
.........(.........#,..#****,,*,*
...................#...#*,,,,,,,,
...............(...#...##.,,,,,,*
......<...................,,,,,,*
..........................,,,,,,*
..........................,,,,,,,
,,,,,,,,........@.........,,,,,,,
,,,,,,,,,.....g(r.....###.,,,,,,,
,,,,,,,,,.....g.......# *,,,,,,,,
,,,,,,,,,.............#*******,,,
,,,,,,,,,...(......###..,,,,**,,,
,,,,,,,,,..(....?..# *...,,,**,*>
,,,,,,,,,..........# *,..,,,**,*,
*******,,(########## *,,,,,,**+*,
*,,,* *,,,,,,,,,,,


You could see 2 gnolls and a rat.

Vanquished Creatures
  A gnoll (D:3)
  3 adders (D:2)
  3 dart slugs
  4 orcs (D:3)
  5 bats
  A giant cockroach (D:1)
  9 goblins
  5 hobgoblins
  8 kobolds
  A ball python (D:2)
  3 frilled lizards
  6 rats
49 creatures vanquished.

Notes
Turn   | Place    | Note
-------+----------+-------------------------------------------
     0 | D:1      | Alfie the Minotaur Hunter began the quest for the Orb.
     0 | D:1      | Reached XP level 1. HP: 18/18 MP: 0/0
    83 | D:1      | Reached XP level 2. HP: 15/25 MP: 1/1
    88 | D:1      | Reached skill level 5 in Bows
   453 | D:2      | Reached XP level 3. HP: 26/30 MP: 2/2
   611 | D:2      | Reached skill level 1 in Armour
   885 | D:2      | Found a shimmering altar of Xom.
   886 | D:2      | Found a burning altar of Makhleb.
   962 | D:2      | Found a runed door.
  1012 | D:3      | Reached XP level 4. HP: 37/37 MP: 3/3
  1119 | D:3      | Slain by a gnoll

Skill      XL: |  1  2  3 |
---------------+----------+-----
Bows           | 5 |  5.8
Armour         | 1 |  1.6
Fighting       | |  2.9
Short Blades   | |  0.2
Dodging        | |  2.2
Stealth        | |  0.8

Action                   |  1- 3 |  4- 6 || total
-------------------------+-------+-------++-------
Melee: Short sword       |    38 |       ||    38
       Headbutt          |     5 |       ||     5
 Fire: Shortbow          |    55 |    41 ||    96
  Use: Scroll            |     6 |       ||     6
Armor: Leather armour    |    12 |     1 ||    13
Dodge: Dodged            |    35 |    12 ||    47
